 Dungeon Crawl Stone Soup version 0.30.1-9-gdf580d7c3d (webtiles) character file.

Game seed: 2797891858041951010

1951 growler the Zephyrmancer (level 9, -2/52 HPs)
             Began as a Tengu Air Elementalist on Oct 7, 2023.
             Slain by a gnoll sergeant
             ... wielding a +5 trident of protection
              (18 damage)
             ... on level 6 of the Dungeon.
             The game lasted 00:12:48 (6755 turns).

growler the Zephyrmancer (Tengu Air Elementalist)   Turns: 6755, Time: 00:12:49

Health: -2/52      AC:  6    Str:  9    XL:     9   Next: 18%
Magic:  17/19      EV: 15    Int: 19    God:
Gold:   276        SH:  0    Dex: 15    Spells: 10/20 levels left

rFire   . . .        h - +0 rapier
rCold   . . .        (no shield)
rNeg    . . .        a - +0 robe
rPois   +            (helmet restricted)
rElec   .            q - +2 cloak {rPois}
rCorr   .            x - +0 pair of gloves
SInv    .            (boots unavailable)
Will    .....        (no amulet)
Stlth   ++           (no ring)
HPRegen 0.28/turn    (no ring)
MPRegen 0.16/turn

%: no passive effects
@: flying quickly and evasively, quick
A: beak, talons 3, nimble flight
a: no special abilities


You were on level 6 of the Dungeon.
You visited 1 branch of the dungeon, and saw 6 of its levels.

You collected 276 gold pieces.

Inventory:

Hand Weapons
 h - a +0 rapier (weapon)
Armour
 a - a +0 robe (worn)
 q - a +2 cloak of poison resistance (worn)
 x - a +0 pair of gloves (worn)
Jewellery
 y - a +6 ring of dexterity
Scrolls
 e - a scroll of enchant armour
 f - a scroll of blinking {unknown}
 g - 2 scrolls of immolation {unknown}
 i - a scroll of teleportation
 k - 3 scrolls of identify {unknown}
 n - a scroll of fear {unknown}
 p - a scroll of torment {unknown}
 s - a scroll of magic mapping {unknown}
 t - a scroll of poison {unknown}
 v - a scroll of fog {unknown}
Potions
 b - a potion of magic
 c - 5 potions of attraction {unknown}
 d - 3 potions of brilliance {unknown}
 j - a potion of haste {unknown}
 l - 2 potions of might {unknown}
 m - 2 potions of curing {unknown}
 o - 2 potions of degeneration {unknown}
 r - a potion of invisibility {unknown}
 u - 2 potions of berserk rage {unknown}
 w - 2 potions of ambrosia {unknown}


   Skills:
 + Level 4.5 Fighting
 - Level 2.2 Dodging
 - Level 2.1 Stealth
 - Level 6.0 Spellcasting
 - Level 6.6 Conjurations
 + Level 10.0 Air Magic


You had 10 spell levels left.
You knew the following spells:

 Your Spells              Type           Power      Damage    Failure   Level
a - Shock                 Conj/Air       100%       1d9       1%          1
b - Static Discharge      Conj/Air       74%        2-6/arc   1%          2
c - Swiftness             Air            44%        N/A       1%          3
d - Airstrike             Air            22%        2d(4-20)  1%          4

Your spell library contained the following spells:

 Spells                   Type           Power      Damage    Failure   Level
 Stone Arrow              Conj/Erth      36%        3d9       9%          3
 Sandblast                Erth           10%        2d5       11%         1
 Slow                     Hex            20%        N/A       11%         1
 Lesser Beckoning         Tloc           10%        N/A       17%         2
 Passwall                 Tmut/Erth      4%         N/A       17%         2
 Confusing Touch          Hex            5%         N/A       32%         3
 Gell's Gravitas          Tloc           5%         N/A       32%         3
 Ozocubu's Armour         Ice            5%         N/A       32%         3
 Portal Projectile        Hex/Tloc       10%        N/A       32%         3
 Teleport Other           Tloc           5%         N/A       32%         3
 Vampiric Draining        Necr           5%         2d6       32%         3
 Alistair's Intoxication  Tmut/Pois      3%         N/A       97%         5
 Borgnjor's Vile Clutch   Necr/Erth      2%         N/A       97%         5
 Starburst                Conj/Fire      9%         6d5       99%         6
 Eringya's Noxious Bog    Tmut/Pois      2%         N/A       100%        6
 Ozocubu's Refrigeration  Ice            2%         4d8       100%        7


Dungeon Overview and Level Annotations

Branches:
Dungeon (6/15)
 Temple: D:4-7

Altars:
Fedhas
Nemelex Xobeh
The Shining One

Annotations:
D:6 1 transporter


Innate Abilities, Weirdness & Mutations

You have a beak for a mouth.
You have claws for feet.
Your magical nature lets you fly swiftly and evasively.


Message History

The gnoll sergeant is moderately wounded.
The gnoll closely misses you.
The gnoll sergeant hits you from afar with a +5 trident of protection!
Casting: Airstrike (dangerous; 1% risk of failure)
Confirm with . or Enter, or press ? or * to list all spells.
You don't have enough magic to cast this spell.
Unknown command.
Unknown command.
There is a stone staircase leading up, spattered with blood here.
Casting: Airstrike (dangerous; 1% risk of failure)
Confirm with . or Enter, or press ? or * to list all spells.
Aiming: Airstrike (dangerous; 1% risk of failure)
Press: ? - help, Dir - move target, f/p - gnoll sergeant
Aim: a gnoll sergeant, wielding a +5 trident of protection and wearing a +0 scale mail (moderately wounded, empty space bonus: 3/8)
The air twists around and strikes the gnoll sergeant.
The gnoll sergeant is heavily wounded.
Unknown command.
The gnoll closely misses you.
You fly upwards.
There is a stone staircase leading down here.
You start resting.
HP restored.
You start resting.
Magic restored.
You fly downwards.
Level annotation: 1 transporter The gnoll completely misses you.
The gnoll sergeant closely misses you.
The gnoll hits you from afar with a +0 halberd!
The gnoll sergeant hits you with a +5 trident of protection.
There is a stone staircase leading up, spattered with blood here.
Casting: Airstrike (dangerous; 1% risk of failure)
Confirm with . or Enter, or press ? or * to list all spells.
The gnoll sergeant is struck by an arc of lightning!
The gnoll sergeant is moderately wounded.
You are struck by an arc of lightning.
The lightning grounds out.
The gnoll completely misses you.
The gnoll sergeant hits you with a +5 trident of protection!
The gnoll hits you from afar with a +0 halberd!
The gnoll sergeant hits you with a +5 trident of protection!!
You die...

..... ...## .#
...#.###...##.#
.........#.##.# ....
#............# .$[$.
#......#...#.# .$©/.
#...........########
#...[..g##.......©.#
#....@..##..........
#.....g.............
##########.[........
#.......##.
#.......# #.......#
#).......#
.............
....##.?######.


You could see a gnoll sergeant and a gnoll.

Vanquished Creatures
  Pikel (D:4)
  Menkaure (D:4)
  Edmund (D:5)
  A water moccasin (D:3)
  A sky beast (D:5)
  A black bear (D:5)
  2 ogres
  A phantom (D:5)
  A kobold brigand (D:6)
  A bullfrog (D:5)
  A scorpion (D:5)
  3 hounds
  2 jellies (D:5)
  Crazy Yiuf (D:4)
  3 sleepcaps
  Natasha (thrice) (D:4)
  2 iguanas
  2 gnolls (D:6)
  6 adders
  A white imp (D:5)
  2 ufetubi
  2 worms
  2 dart slugs
  2 orcs
  9 endoplasms
  6 giant cockroaches
  4 goblins
  9 hobgoblins
  3 jackals (D:3)
  3 quokkas
  11 ball pythons
  5 bats
  4 frilled lizards
  17 kobolds
  9 rats
123 creatures vanquished.

Notes
Turn   | Place    | Note
-------+----------+-------------------------------------------
     0 | D:1      | growler the Tengu Air Elementalist began the quest for the
                  | Orb.
     0 | D:1      | Reached XP level 1. HP: 10/10 MP: 4/4
   183 | D:1      | Reached XP level 2. HP: 15/15 MP: 1/6
   253 | D:1      | Learned a level 2 spell: Static Discharge
   403 | D:1      | Found a faded altar of an unknown god.
   593 | D:1      | Reached XP level 3. HP: 19/19 MP: 3/7
   597 | D:1      | Learned a level 3 spell: Swiftness
   948 | D:2      | Found a glowing golden altar of the Shining One.
  1784 | D:2      | Reached XP level 4. HP: 24/24 MP: 7/9
  2024 | D:2      | Reached skill level 5 in Air Magic
  2672 | D:3      | Gained mutation: Your magical nature lets you fly swiftly
                  | and evasively. [Tengu growth]
  2672 | D:3      | Reached XP level 5. HP: 12/28 MP: 10/10
  3134 | D:3      | Noticed a water moccasin
  3144 | D:3      | Killed a water moccasin
  3145 | D:3      | Reached skill level 6 in Air Magic
  3145 | D:3      | Reached XP level 6. HP: 6/32 MP: 0/12
  3307 | D:4      | Learned a level 4 spell: Airstrike
  3372 | D:4      | Noticed Pikel
  3390 | D:4      | Killed Pikel
  3391 | D:4      | Reached skill level 7 in Air Magic
  3391 | D:4      | Reached XP level 7. HP: 20/36 MP: 0/15
  3573 | D:4      | Noticed Menkaure
  3586 | D:4      | Killed Menkaure
  3587 | D:4      | Reached XP level 8. HP: 41/41 MP: 10/16
  3606 | D:4      | Noticed Natasha
  3639 | D:4      | Got the Papyrus of Translocational Causimancy
  3669 | D:4      | Killed Natasha
  3670 | D:4      | Reached skill level 5 in Spellcasting
  3793 | D:4      | Noticed Natasha
  3805 | D:4      | Reached skill level 1 in Fighting
  3805 | D:4      | Reached skill level 8 in Air Magic
  4176 | D:4      | Found a runed translucent door.
  4177 | D:4      | Noticed Crazy Yiuf
  4220 | D:4      | Killed Natasha
  4344 | D:4      | Killed Crazy Yiuf
  4781 | D:4      | Noticed Natasha
  4782 | D:4      | Killed Natasha
  4829 | D:5      | Entered Level 5 of the Dungeon
  5119 | D:5      | Found a blossoming altar of Fedhas.
  5575 | D:5      | Found a sparkling altar of Nemelex Xobeh.
  5657 | D:5      | Reached skill level 9 in Air Magic
  6161 | D:6      | Noticed Edmund
  6184 | D:5      | Killed Edmund
  6310 | D:5      | Reached XP level 9. HP: 52/52 MP: 10/19
  6550 | D:5      | Reached skill level 10 in Air Magic
  6606 | D:6      | Found a transporter.
  6755 | D:6      | Slain by a gnoll sergeant

Illustrated notes

Levels and vault maps discovered:
D:1:      mrwooster_arrival_arrow, layout_basic,
          shapermc_ecumenical_altar_totnotflames
D:2:      layout_basic, basic_altar, dk_noncrumbling_3, grunt_ministairs_8
D:3:      layout_basic, hellmonk_no_cap
D:4:      layout_rooms, uniq_crazy_yiuf_cottage, uniq_menkaure, uniq_pikel,
          uniq_natasha
D:5:      layout_basic, overflow_temple_1_default, mainiacjoe_overflow_catwalk
D:6:      gammafunk_cloud_chamber, layout_rooms,
          mainiacjoe_overflow_tiny_flanked, nicolae_sif_muna_condensation,
          minmay_temple_entry_glass, minmay_holes, uniq_edmund

Skill      XL: |  1  2  3  4  5  6  7  8  9 |
---------------+----------------------------+-----
Conjurations   | 2 3 4 6 |  6.6
Air Magic      | 5 6 7 9 10 | 10.0
Spellcasting   | 3 4 6 |  6.0
Fighting       | 3 4 |  4.5
Dodging        | |  2.2
Stealth        | |  2.1

Action                     |  1- 3 |  4- 6 |  7- 9 || total
---------------------------+-------+-------+-------++-------
  Melee: Unarmed           |    18 |       |       ||    18
         Kick              |     7 |     7 |     1 ||    15
         Peck              |     3 |     8 |     2 ||    13
         Rapier            |     1 |    19 |     2 ||    22
   Cast: Shock             |    74 |    62 |    71 ||   207
         Static Discharge  |     1 |    16 |    10 ||    27
         Airstrike         |       |       |    36 ||    36
    Use: Scroll            |       |       |     2 ||     2
 Armour: Robe              |     3 |     4 |     8 ||    15
  Dodge: Dodged            |    19 |    28 |    35 ||    82
